 Dungeon Crawl Stone Soup version 0.29.1-15-g9cfb28693d (webtiles) character file.

Game seed: 16722358716093055043

4 fleeber the Slasher (level 1, -2/16 HPs)
             Began as a Merfolk Gladiator on Feb 28, 2023.
             Slain by a gnoll
             ... wielding a +0 flail
              (8 damage)
             ... on level 1 of the Dungeon.
             The game lasted 00:00:20 (102 turns).

fleeber the Slasher (Merfolk Gladiator)              Turns: 102, Time: 00:00:20

Health: -2/16      AC:  4    Str: 14    XL:     1   Next: 70%
Magic:  1/1        EV: 10    Int:  7    God:
Gold:   0          SH:  0    Dex: 15    Spells: 0/0 levels left

rFire   . . .      SeeInvis .   a - +0 long sword
rCold   . . .      Faith    .   (no shield)
rNeg    . . .      Spirit   .   b - +0 leather armour
rPois   .          Reflect  .   c - +0 helmet
rElec   .          Harm     .   (no cloak)
rCorr   .          Rampage  .   (no gloves)
Will    .....                   (no boots)
Stlth   +.........              (no amulet)
HPRegen 0.05/turn               (no ring)
MPRegen 0.07/turn               (no ring)

@: constricted
A: (nimble swimmer 2), mertail
a: no special abilities


You were on level 1 of the Dungeon.
You visited 1 branch of the dungeon, and saw 1 of its levels.

Inventory:

Hand Weapons
 a - a +0 long sword (weapon)
Missiles
 d - 3 throwing nets (quivered)
 e - a javelin
Armour
 b - a +0 leather armour (worn)
 c - a +0 helmet (worn)
Scrolls
 f - a scroll of amnesia {unknown}
Potions
 g - a potion of haste {unknown}
 h - a potion of brilliance {unknown}


   Skills:
 - Level 2.1 Fighting
 + Level 4.1 Long Blades
 - Level 2.0 Throwing
 - Level 4.0 Dodging


You couldn't memorise any spells.
You didn't know any spells.
Your spell library was empty.

Dungeon Overview and Level Annotations

Branches:
Dungeon (1/15)

Altars:


Innate Abilities, Weirdness & Mutations

((You are very nimble when in or above water. (Stealth+, EV+, Speed+++)))
Your lower body shifts to a powerful aquatic tail in water.


Message History

You slash the hobgoblin!
You kill the hobgoblin!
No target in view!
No target in view!
HP restored.
g - a viscous golden potion
h - a brown potion A goblin comes into view.
It is wielding a +0 club.
Found a cloak.
Found a stone staircase leading down.
A goblin comes into view.
It is wielding a +1 dagger of protection.
Found a stone staircase leading down.
The goblin misses you.
You slash the goblin!
You kill the goblin!
A rat and a ball python come into view.
You closely miss the goblin.
The ball python hisses angrily.
You hear a shout!
A gnoll comes into view. It is wielding a +0 flail.
The goblin barely misses you. The goblin closely misses you.
You hit the goblin.
You kill the goblin!
Your Long Blades skill increases to level 4!
The rat closely misses you. The ball python barely misses you.
The ball python misses you.
You see here a +0 cloak.
You slash the rat!
You kill the rat!
The ball python misses you. x2
You barely miss the ball python. The ball python bites you.
The ball python closely misses you. The ball python completely misses you.
The ball python grabs you. The ball python constricts you.
You barely miss the ball python. The gnoll hits you with a +0 flail!
The ball python barely misses you. The ball python constricts you.
You are too injured to fight recklessly!
You are too injured to fight recklessly!
You are too injured to fight recklessly!
You slash the gnoll!
The gnoll is heavily wounded.
The gnoll hits you with a +0 flail!
Ouch! That really hurt!
You die...

########### #...>......
#.......... #.)........
#..@g......
##############...S>.....
#.............).........
..############..........
### #.......... ##
#.######### .#### ..#
....## ..## ..#..# #


You could see a gnoll and a ball python.

Vanquished Creatures
  2 goblins (D:1)
  A hobgoblin (D:1)
  A rat (D:1)
4 creatures vanquished.

Notes
Turn   | Place    | Note
-------+----------+-------------------------------------------
     0 | D:1      | fleeber the Merfolk Gladiator began the quest for the Orb.
     0 | D:1      | Reached XP level 1. HP: 16/16 MP: 1/1
   102 | D:1      | Slain by a gnoll

Illustrated notes

Levels and vault maps discovered:
D:1:      eino_arrival_water_cross, layout_rooms

Skill      XL: |  1 |
---------------+----+-----
Long Blades    | 4 |  4.1
Fighting       | |  2.1
Throwing       | |  2.0
Dodging        | |  4.0

Action                   || total
-------------------------++-------
Melee: Long sword        ||    10
Dodge: Dodged            ||    13
